 Dungeon Crawl Stone Soup version 0.26.1-11-gd32895ea62 (webtiles) character file.

Game seed: 293302470771771205

191 dtburroughs the Skirmisher (level 5, -4/47 HPs)
             Began as a Minotaur Berserker on June 25, 2021.
             Was a Believer of Trog.
             Slain by an ogre
             ... wielding a +0 giant club
              (15 damage)
             ... on level 4 of the Dungeon.
             The game lasted 00:03:59 (2981 turns).

dtburroughs the Skirmisher (Minotaur Berserker)     Turns: 2981, Time: 00:04:00

Health: -4/47      AC: 11    Str: 22    XL:     5   Next: 42%
Magic:  4/4        EV:  7    Int:  5    God:    Trog [**....]
Gold:   200        SH:  0    Dex:  9    Spells: 4/4 levels left

rFire    + . .     SeeInvis .   u - +0 war axe
rCold    . . .     Faith    .   (no shield)
rNeg     . . .     Spirit   .   h - +0 plate armour
rPois    .         Reflect  .   (helmet restricted)
rElec    .         Harm     .   (no cloak)
rCorr    +         Rampage  .   (no gloves)
Will     .....                  (no boots)
Stlth    ..........             (no amulet)
HPRegen  0.15/turn              l - ring of protection from fire
MPRegen  0.09/turn              p - ring of resist corrosion

@: no status effects
A: retaliatory headbutt, horns 2
a: Renounce Religion, Berserk, Trog's Hand


You were on level 4 of the Dungeon.
You worshipped Trog.
Trog was pleased with you.
You visited 1 branch of the dungeon, and saw 4 of its levels.

You collected 200 gold pieces.

Inventory:

Hand Weapons
 a - a +0 hand axe
 j - a +1 whip of electrocution
 t - a +1 flail of draining
 u - a +0 war axe (weapon)
Armour
 h - a +0 plate armour (worn)
 q - a cursed +0 ring mail
Jewellery
 l - a ring of protection from fire (left hand)
 p - a ring of resist corrosion (right hand)
Wands
 b - a wand of digging (6)
Scrolls
 g - 2 scrolls of teleportation {unknown}
 i - 3 scrolls of fog {unknown}
 m - a scroll of immolation {unknown}
 n - 4 scrolls of identify {unknown}
 o - 6 scrolls of remove curse {unknown}
 s - 3 scrolls of enchant armour {unknown}
Potions
 c - 4 potions of curing {unknown}
 d - a potion of magic {unknown}
 e - 3 potions of berserk rage {unknown}
 f - a potion of mutation {unknown}
 k - a potion of brilliance {unknown}
 r - a potion of haste {unknown}


   Skills:
 + Level 4.9 Fighting
 + Level 4.8 Axes
 + Level 4.1 Armour
 + Level 3.6 Dodging


You had 4 spell levels left.
You didn't know any spells.
Your spell library was empty.

Dungeon Overview and Level Annotations

Branches:
Dungeon (4/15)
 Temple: D:4-7

Altars:
Dithmenos
Makhleb
Wu Jian
Xom


Innate Abilities, Weirdness & Mutations

You reflexively headbutt those who attack you in melee.
You have a pair of horns on your head.


Message History

You slash the leopard gecko!
You kill the leopard gecko!
Trog accepts your kill.
Things that are here:
a leopard gecko corpse; a worker ant corpse; an iguana corpse An ogre comes into view.
It is wielding a +0 giant club.
The ogre shouts!
An ogre is nearby!
You hit the ogre. You headbutt the ogre.
The ogre is moderately wounded.
The ogre hits you with a +0 giant club!
Your plate armour prevents you from hitting the ogre.
You headbutt the ogre!
The ogre is heavily wounded.
The ogre hits you with a +0 giant club!!
* * * LOW HITPOINT WARNING * * *
You barely miss the ogre.
The ogre is heavily wounded.
The ogre hits you with a +0 giant club!
You die...

.<...........##..#
###.....####.##..#
#..............#
##.#......####.#
#.#......## #.#
..#####..##.#.#
##.# #..##.#†# ...
........####
.......@...#
...##.#O##.# .#
...#.# # ###.#.# .
... . #.# ..# ###


You could see an ogre.

Vanquished Creatures
  A howler monkey (D:3)
  An iguana (D:4)
  A worker ant (D:4)
  An adder (D:2)
  2 worms
  2 dart slugs (D:1)
  2 leopard geckos
  9 orcs (D:3)
  4 giant cockroaches
  6 goblins
  10 hobgoblins
  3 jackals (D:2)
  A quokka (D:2)
  10 bats
  2 frilled lizards (D:2)
  12 kobolds
  7 rats
74 creatures vanquished.

Notes
Turn   | Place    | Note
-------+----------+-------------------------------------------
     0 | D:1      | dtburroughs the Minotaur Berserker began the quest for the
                  | Orb.
     0 | D:1      | Reached XP level 1. HP: 19/19 MP: 0/0
   248 | D:1      | Reached XP level 2. HP: 27/27 MP: 1/1
   978 | D:1      | Reached XP level 3. HP: 33/33 MP: 2/2
  1142 | D:1      | You fall into a shaft and drop 1 floor!
  1162 | D:2      | Found a faded altar of an unknown god.
  1176 | D:2      | Reached ** piety under Trog
  1852 | D:2      | Found a burning altar of Makhleb.
  1854 | D:2      | Found a shimmering altar of Xom.
  1855 | D:2      | Found a shadowy altar of Dithmenos.
  2030 | D:2      | Reached XP level 4. HP: 37/40 MP: 3/3
  2682 | D:3      | Reached XP level 5. HP: 40/47 MP: 4/4
  2804 | D:3      | Found an ornate altar of the Wu Jian Council.
  2974 | D:4      | Noticed an ogre
  2981 | D:4      | Slain by an ogre

Illustrated notes

Levels and vault maps discovered:
D:1:      lightli_arrival_statue_moat, layout_basic
D:2:      layout_basic, minitemple, chequers_ecumenical_altar_twisty
D:3:      layout_basic, pdpol_wu_jian_five_deadly_venoms, serial_glass,
          glass_columns_a, glass_columns_a, glass_columns_a, glass_columns_a,
          glass_columns_b, glass_columns_b, glass_columns_a, glass_columns_a,
          glass_columns_b, glass_columns_a, minmay_unequal
D:4:      layout_basic, minmay_temple_entry_from_below_a

Skill      XL: |  1  2  3  4  5 |
---------------+----------------+-----
Fighting       | 4 |  4.9
Axes           | 4 |  4.8
Armour         | 3 4 |  4.1
Dodging        | 3 |  3.6

Action                   |  1- 3 |  4- 6 || total
-------------------------+-------+-------++-------
Melee: Hand axe          |    84 |    55 ||   139
       Headbutt          |    12 |    15 ||    27
       War axe           |       |    19 ||    19
Armor: Animal skin       |    16 |       ||    16
       Plate armour      |    13 |    41 ||    54
Dodge: Dodged            |    55 |    18 ||    73
